 Dungeon Crawl Stone Soup version 0.31-a0-408-gb642c7f9a3 (webtiles) character file.

Game seed: 8042628329321514122

313 Newt the Changeling (level 6, -7/51 HPs)
             Began as a Draconian Shapeshifter on July 29, 2023.
             Killed by nerve-wracking pain
             ... invoked by Grinder
              (11 damage)
             ... on level 4 of the Dungeon.
             The game lasted 00:02:45 (2578 turns).

Newt the Changeling (Draconian Shapeshifter)        Turns: 2578, Time: 00:02:46

Health: -7/51      AC:  6    Str: 19    XL:     6   Next: 19%
Magic:  6/6        EV: 12    Int:  9    God:
Gold:   170        SH:  0    Dex: 11    Spells: 5/5 levels left

rFire   + . .        i - +2 short sword (elec)
rCold   . . .        (no shield)
rNeg    . . .        (body armour unavailable)
rPois   .            (helmet currently unavailable)
rElec   .            (cloak currently unavailable)
rCorr   .            (gloves currently unavailable)
SInv    .            (boots currently unavailable)
Will    .....        (no amulet)
Stlth   +            h - ring of protection from fire
HPRegen 0.28/turn    (no ring)
MPRegen 0.10/turn

%: no passive effects
@: beast-form
A: beast (slay +3), AC +6, unfitting armour, cold-blooded
a: Begin Untransformation


You were on level 4 of the Dungeon.
You were a hulking beast.
You visited 1 branch of the dungeon, and saw 5 of its levels.

You collected 170 gold pieces.

Inventory:

Hand Weapons
 e - a +4 dagger
 i - a +2 short sword of electrocution (weapon)
Jewellery
 h - a ring of protection from fire (left hand)
Talismans
 b - a beast talisman
Wands
 g - a wand of flame (25)
Scrolls
 f - a scroll of enchant weapon
 j - a scroll of vulnerability
 k - a scroll of fog
 l - a scroll of amnesia {unknown}
Potions
 a - a potion of magic


   Skills:
 - Level 3.0 Fighting
 - Level 3.0 Dodging
 - Level 3.0 Unarmed Combat
 + Level 5.2 Shapeshifting


You had 5 spell levels left.
You didn't know any spells.
Your spell library contained the following spells:

 Spells                   Type           Power      Damage    Failure   Level
 Ensorcelled Hibernation  Hex/Ice        0%         N/A       52%         2
 Anguish                  Hex/Necr       0%         N/A       99%         4


Dungeon Overview and Level Annotations

Branches:
Dungeon (5/15)
 Temple: D:4-7

Altars:
Wu Jian
Xom

Annotations:
D:4 Grinder


Innate Abilities, Weirdness & Mutations

You are a hulking beast.
Your limbs bulge with bestial killing power. (Slay +3)
Your plain brown scales are hard. (AC +6)
You cannot fit into any form of body armour.
You are cold-blooded and may be slowed by cold attacks.


Message History

Grinder is heavily wounded.
Grinder hits you but does no damage.
You barely miss Grinder.
Grinder is heavily wounded.
Grinder gestures at you.
You barely resist. You hit Grinder.
Grinder is heavily wounded.
Grinder hits you but does no damage.
You barely miss Grinder.
Grinder is heavily wounded.
Grinder gestures at you.
You suddenly lose the ability to move!
Grinder hits you.
You writhe in agony.
Grinder gestures at you.
You barely resist. Grinder completely misses you. Grinder gestures at you.
You barely resist.
You can move again.
Unknown command.
Unknown command.
Unknown command.
You hit Grinder.
Grinder is severely wounded.
Grinder gestures at you.
You shrug off the repeated paralysis!
You hit Grinder.
Grinder is severely wounded.
Grinder gestures at you. Pain shoots through your body!
* * * LOW HITPOINT WARNING * * *
Unknown command.
Unknown command.
Okay, then.
As you read the scroll of fear, it crumbles to dust.
You assume a fearsome visage.
Grinder looks frightened!
Grinder gestures at you. Pain shoots through your body!
You die...

#### ### ... #..
##.## ##.#
###...####.#
#....))....# .#
#....o...## #.
#......#####5###.#
........# #h...#
######## ........#
#.#.## #......#
##.....######>#.##
#.####.#
#..####.....>)..###.#
#.# #..
#.............# #.#
#. ##.............#
#.#
###..............#
#.#
.................#
#.# #..............#
#.####


You could see Grinder (fleeing).

Vanquished Creatures
  The ghost of hotbaconsauce the Trooper, a weakling MiFi (D:3)
  3 hounds
  A jelly (D:5)
  An orc wizard (D:4)
  7 adders
  A worm (D:3)
  3 dart slugs
  4 orcs
  5 endoplasms
  2 giant cockroaches
  2 hobgoblins
  4 jackals (D:1)
  3 quokkas
  3 ball pythons
  3 bats
  5 frilled lizards
  5 goblins
  2 kobolds
  A rat (D:1)
56 creatures vanquished.

Notes
Turn   | Place    | Note
-------+----------+-------------------------------------------
     0 | D:1      | Newt the Draconian Shapeshifter began the quest for the
                  | Orb.
     0 | D:1      | Reached XP level 1. HP: 16/16 MP: 1/1
    94 | D:1      | Reached XP level 2. HP: 22/25 MP: 2/2
   700 | D:2      | Found a faded altar of an unknown god.
   772 | D:2      | Reached XP level 3. HP: 31/31 MP: 3/3
  1561 | D:3      | Reached XP level 4. HP: 30/38 MP: 4/4
  1663 | D:3      | Found a large runed translucent door.
  1666 | D:3      | Found a large runed translucent door.
  1700 | D:3      | Noticed hotbaconsauce's ghost (weakling MiFi)
  1718 | D:3      | Found an ornate altar of the Wu Jian Council.
  1757 | D:3      | Reached skill level 4 in Shapeshifting
  1757 | D:3      | Reached XP level 5. HP: 42/45 MP: 5/5
  1918 | D:3      | Found a shimmering altar of Xom.
  2004 | D:3      | Killed hotbaconsauce's ghost
  2254 | D:4      | Noticed Grinder
  2255 | D:4      | Reached XP level 6. HP: 40/51 MP: 6/6
  2257 | D:4      | Paralysed by Grinder for 4 turns
  2268 | D:5      | Entered Level 5 of the Dungeon
  2271 | D:5      | Reached skill level 5 in Shapeshifting
  2571 | D:4      | Paralysed by Grinder for 5 turns
  2578 | D:4      | Killed from afar by Grinder

Illustrated notes

Levels and vault maps discovered:
D:1:      lightli_arrival_farm, layout_rooms, grunt_decor_cap, minivault_19,
          minmay_misc_feat_enclosed, minmay_split_cup_small
D:2:      layout_loops_corners, shapermc_ecumenical_altar_notcrosses,
          st_stairs_14
D:3:      layout_rooms, nzn_wu_jian_council_hall, mainiacjoe_overflow_alcove_2,
          ebering_ghost_disaster_area
D:4:      layout_loops_ring, minmay_temple_entry_antechambers, serial_glass,
          glass_columns_a, glass_columns_a, uniq_duvessa, uniq_eustachio,
          uniq_grinder
D:5:      layout_rooms, serial_park_tiny_2

Skill      XL: |  1  2  3  4  5  6 |
---------------+-------------------+-----
Fighting       | 2 3 |  3.0
Dodging        | 2 3 |  3.0
Shapeshifting  | 4 5 |  5.2
Unarmed Combat | |  3.0

Action                     |  1- 3 |  4- 6 || total
---------------------------+-------+-------++-------
  Melee: Unarmed           |    30 |       ||    30
         Tailslap          |     5 |    11 ||    16
         Dagger            |    51 |    74 ||   125
         Short sword       |       |    18 ||    18
         Punch             |       |     1 ||     1
  Evoke: Wand              |       |     3 ||     3
    Use: Potion            |       |     4 ||     4
         Scroll            |       |     6 ||     6
   Stab: Sleeping          |     1 |       ||     1
 Armour: Skin              |    20 |    42 ||    62
  Dodge: Dodged            |    55 |    46 ||   101

Table legend: (Time is in decaauts)
 A = Elapsed time spent in this place.
 B = Non-inter-level travel time spent in this place.
 C = Inter-level travel time spent in this place.
 D = Time resting spent in this place.
 E = Time spent auto-exploring this place.
 F = Levels seen in this place.
 G = Mean time per level.
                   A        B        C        D        E       F      G
               +--------+--------+--------+--------+--------+-----+--------+
         Total |   2592 |   2473 |    119 |    352 |   1725 |   5 |  518.4 |
       Dungeon |   2592 |   2473 |    119 |    352 |   1725 |   5 |  518.4 |
               +--------+--------+--------+--------+--------+-----+--------+

Top non-repeatable levels by time:
     D:2: 925 daAuts
     D:3: 713 daAuts
     D:1: 517 daAuts
     D:5: 284 daAuts
     D:4: 150 daAuts
